 Seeded DCSS version 0.29-a0-360-g8ed1089bbe (webtiles) character file.

Game seed: 10501628422587662213 (custom seed)

4 lucidbluej the Skirmisher (level 1, 0/24 HPs)
             Began as an Ogre Berserker on Apr 28, 2022.
             Was a Follower of Trog.
             Slain by a quokka (1 damage)
             ... on level 1 of the Dungeon.
             The game lasted 00:00:26 (56 turns).

lucidbluej the Skirmisher (Ogre Berserker)            Turns: 56, Time: 00:00:28

Health: 0/24       AC:  3    Str: 20    XL:     1   Next: 60%
Magic:  1/1        EV: 10    Int:  8    God:    Trog [*.....]
Gold:   0          SH:  0    Dex:  8    Spells: 0/0 levels left

rFire   . . .      SeeInvis .   a - +0 hand axe
rCold   . . .      Faith    .   (no shield)
rNeg    . . .      Spirit   .   b - +0 animal skin
rPois   .          Reflect  .   (helmet restricted)
rElec   .          Harm     .   (no cloak)
rCorr   .          Rampage  .   (gloves unavailable)
Will    .....                   (boots unavailable)
Stlth   +.........              (no amulet)
HPRegen 0.08/turn               (no ring)
MPRegen 0.07/turn               (no ring)

@: no status effects
A: large, unfitting armour, tough skin 1
a: Renounce Religion, Berserk


You were on level 1 of the Dungeon.
You worshipped Trog.
Trog was aware of your devotion.
You visited 1 branch of the dungeon, and saw 1 of its levels.

Inventory:

Hand Weapons
 a - a +0 hand axe (weapon)
Armour
 b - a +0 animal skin (worn)
Potions
 c - a potion of curing {unknown}


   Skills:
 + Level 4.1 Fighting
 + Level 3.1 Axes
 + Level 2.8 Dodging


You couldn't memorise any spells.
You didn't know any spells.
Your spell library was empty.

Dungeon Overview and Level Annotations

Branches:
Dungeon (1/15)

Altars:


Innate Abilities, Weirdness & Mutations

You are too large for most types of armour.
You have tough skin. (AC +1)


Message History

You kill the jackal!
Trog accepts your kill. The jackal closely misses you. The jackal misses you.
You closely miss the ball python. You hit the jackal.
The ball python bites you but does no damage.
The jackal bites you but does no damage.
The ball python barely misses you.
You slash the ball python!
You kill the ball python!
Trog accepts your kill.
You closely miss the jackal. The jackal barely misses you. x2
The jackal closely misses you.
You completely miss the jackal. You hit the jackal but do no damage.
The jackal bites you but does no damage.
The jackal barely misses you. The jackal bites you. x2
You hit the jackal but do no damage. You closely miss the jackal.
The jackal bites you but does no damage. x2
The jackal bites you.
* * * LOW HITPOINT WARNING * * *
You barely miss the jackal.
The jackal is heavily wounded.
You closely miss the jackal.
The jackal bites you but does no damage.
The jackal bites you.
* * * LOW HITPOINT WARNING * * *
The jackal bites you but does no damage.
You completely miss the jackal.
The jackal is heavily wounded.
You barely miss the jackal. The jackal bites you.
* * * LOW HITPOINT WARNING * * *
The jackal bites you.
* * * LOW HITPOINT WARNING * * *
The jackal closely misses you.
You hit the jackal.
You kill the jackal!
Trog accepts your kill.
You hit the jackal.
The jackal bites you but does no damage.
The quokka bites you.
You die...

#..#PPP#.#PPP#...
#..#P⌠P#.#P⌠P#.##
#..#PPP#.#PPP#.#
##.#####+#####.#
#.............# ##
#.##.##......## ..
#.##.#.......#
#.###.##............
#hr@..............##
...hlgh...............#
....lr########.......##
..###h ##.....## . . ##


You could see a quokka, 4 jackals, a goblin, 2 frilled lizards and a rat.

Vanquished Creatures
  2 jackals (D:1)
  A kobold (D:1)
  A ball python (D:1)
  A rat (D:1)
5 creatures vanquished.

Notes
Turn   | Place    | Note
-------+----------+-------------------------------------------
     0 | D:1      | lucidbluej the Ogre Berserker began the quest for the Orb.
     0 | D:1      | Reached XP level 1. HP: 24/24 MP: 1/1
    55 | D:1      | HP: 1/24 [jackal (3)]
    56 | D:1      | Slain by a quokka

Illustrated notes

Levels and vault maps discovered:
D:1:      beargit_arrival_greenhouse, layout_loops_ring, basic_ecumenical_altar,
          hangedman_feature_mirror

Action                   || total
-------------------------++-------
Melee: Hand axe          ||    17
Armor: Animal skin       ||    17
Dodge: Dodged            ||    15

Table legend: (Time is in decaauts)
 A = Elapsed time spent in this place.
 B = Non-inter-level travel time spent in this place.
 C = Inter-level travel time spent in this place.
 D = Time resting spent in this place.
 E = Time spent auto-exploring this place.
 F = Levels seen in this place.
 G = Mean time per level.
                   A        B        C        D        E       F      G
               +--------+--------+--------+--------+--------+-----+--------+
         Total |     58 |     58 |      0 |      0 |      0 |   1 |   58.0 |
       Dungeon |     58 |     58 |      0 |      0 |      0 |   1 |   58.0 |
               +--------+--------+--------+--------+--------+-----+--------+

Top non-repeatable levels by time:
     D:1: 58 daAuts
